Map: Lightshade LE

Players

SortOf

  • Race: Zerg Zerg
  • League: Master
  • Spawn Location: 5:00

Lambo - Winner!

  • Race: Zerg Zerg
  • League: Grandmaster
  • Spawn Location: 11:00

VOD

Have the link to the VOD?

Description

Time

  • Played on: Jan. 8, 2021, 11:10 a.m.
  • Length: 5:49
Show
View Real Time Build Order
Export as new Build Order

SortOf Zerg 

Build Orders: Hatch First 

Get SALT Encoding   

  12  0:01  Drone  
  13  0:12  Overlord  
  13  0:16  Drone  
  14  0:30  Drone x2  
  16  0:48  Hatchery  
  15  0:50  Drone  
  15  0:54  Drone  
  17  0:57  Drone  
  18  1:08  Extractor  
  17  1:13  Spawning Pool  
  17  1:15  Drone  
  17  1:19  Drone  
  18  1:28  Drone  
  19  1:40  Drone  
  20  1:50  Drone  
  21  2:01  Overlord, Queen x2  
  23  2:07  Zergling x2  
  26  2:10  Drone  
  26  2:13  Drone  
  28  2:23  Drone x2  
  30  2:33  Hatchery  
  30  2:36  Drone  
  30  2:38  Drone  
  30  2:43  Drone  
  32  2:45  Overlord  
  32  2:55  Drone x2  
  32  2:56  Evolution Chamber  
  32  2:58  Queen  
  35  3:07  Drone x2  
  35  3:11  Overlord  
  37  3:13  Drone x3  
  37  3:15  Drone  
  37  3:17  Drone  
  42  3:22  Zerg Missile Weapons Level 1  
  42  3:28  Roach Warren  
  42  3:31  Drone  
  42  3:33  Drone  
  43  3:39  Drone  
  44  3:42  Drone, Extractor  
  44  3:46  Drone x2  
  46  3:50  Drone x2  
  46  3:54  Drone x3  
  51  3:56  Drone  
  51  3:57  Extractor  
  51  4:02  Overlord  
  51  4:07  Drone x2  
  53  4:11  Overlord x2  
  53  4:14  Overlord  
  52  4:18  Roach x3  
  52  4:20  Spine Crawler  
  52  4:23  Roach  
  59  4:24  Overlord  
  59  4:28  Overlord  
  59  4:30  Roach  
  61  4:32  Roach  
  61  4:34  Roach  
  61  4:36  Roach  
  61  4:38  Ravager x2  
  69  4:40  Roach  
  69  4:42  Roach  
  69  4:45  Roach  
  75  4:47  Roach  
  77  4:58  Roach  
  77  4:59  Roach x4  
  78  5:00  Roach  
  78  5:05  Roach  
  74  5:07  Roach x2  
  74  5:13  Roach  
  75  5:15  Roach x2  
  67  5:24  Roach  
  50  5:36  Drone x5  
Show
View Real Time Build Order
Export as new Build Order

Lambo Zerg - Winner!

Build Orders: Hatch First 

Get SALT Encoding   

  12  0:00  Drone  
  13  0:12  Overlord  
  13  0:16  Drone  
  14  0:31  Drone x2  
  16  0:47  Hatchery  
  15  0:50  Drone  
  15  0:54  Drone  
  17  0:57  Drone  
  18  1:08  Extractor  
  17  1:12  Spawning Pool  
  17  1:15  Drone  
  17  1:18  Drone  
  18  1:28  Drone  
  19  1:39  Drone  
  20  1:50  Drone  
  21  1:59  Queen x2  
  21  2:00  Overlord, Drone  
  26  2:10  Drone  
  26  2:11  Drone  
  28  2:21  Drone  
  28  2:22  Drone  
  30  2:26  Extractor  
  29  2:31  Drone  
  29  2:32  Drone  
  29  2:36  Lair, Queen  
  33  2:42  Evolution Chamber  
  33  2:43  Drone x2  
  34  2:53  Roach Warren  
  34  2:56  Drone x2  
  35  3:04  Overlord, Drone  
  36  3:12  Zerg Missile Weapons Level 1  
  36  3:15  Overlord  
  36  3:22  Queen  
  38  3:28  Overlord  
  40  3:34  Roach x3  
  40  3:35  Glial Reconstitution  
  46  3:41  Roach  
  46  3:46  Roach x2  
  50  3:49  Roach  
  50  3:54  Overlord  
  52  3:57  Roach  
  52  4:01  Roach  
  56  4:04  Roach  
  58  4:10  Roach  
  58  4:13  Overlord  
  60  4:17  Roach x2  
  60  4:21  Overlord  
  64  4:24  Roach  
  64  4:30  Roach  
  68  4:32  Overlord  
  68  4:36  Roach  
  70  4:39  Roach  
  70  4:45  Roach x2  
  76  4:51  Roach x2  
  80  4:55  Roach  
  80  4:59  Roach  
  82  5:02  Roach  
  82  5:09  Roach  
  82  5:13  Roach  
  86  5:21  Roach  
  82  5:24  Roach  
  78  5:29  Roach  
  70  5:44  Hatchery  
Tags
 
Add a new tag
Caveats
  • Supply blocks, unpowered buildings, or Contaminate may cause inaccurate times.
  • Supply counts are checked every 10 seconds.